 Dungeon Crawl Stone Soup version 0.21.1-1-g345015f (webtiles) character file.

100 infcreate the Shield-Bearer (level 4, -4/40 HPs)
             Began as a Minotaur Fighter on Apr 30, 2018.
             Killed by divine providence
             ... invoked by an orc priest
              (11 damage)
             ... on level 2 of the Dungeon.
             The game lasted 00:06:10 (1164 turns).

infcreate the Shield-Bearer (Minotaur Fighter)      Turns: 1164, Time: 00:06:11

Health: -4/40      AC:  8    Str: 22    XL:     4   Next: 46%
Magic:  3/3        EV:  7    Int:  5    God:
Gold:   98         SH:  9    Dex:  9    Spells: 3/3 levels left

rFire    . . .     SeeInvis .   a - +0 war axe
rCold    . . .     Gourm    .   c - +0 shield
rNeg     . . .     Faith    .   b - +0 scale mail
rPois    .         Spirit   .   (helmet restricted)
rElec    .         Reflect  .   (no cloak)
rCorr    .         Harm     .   (no gloves)
MR       .....                  p - +0 pair of boots
Stlth    ..........             (no amulet)
HPRegen  0.13/turn              (no ring)
MPRegen  0.08/turn              (no ring)

@: no status effects
A: retaliatory headbutt, horns 2
a: no special abilities


You were on level 2 of the Dungeon.
You were not hungry.

You visited 1 branch of the dungeon, and saw 2 of its levels.

You collected 98 gold pieces.

Inventory:

Hand Weapons
 a - a +0 war axe (weapon)
Armour
 b - a +0 scale mail (worn)
 c - a +0 shield (worn)
 p - a +0 pair of boots (worn)
Jewellery
 j - an uncursed amulet of guardian spirit {unknown}
Scrolls
 e - a scroll of noise {unknown}
 h - 2 scrolls of teleportation {unknown}
 i - a scroll of enchant armour {unknown}
 l - 2 scrolls of identify {unknown}
 n - a scroll of amnesia {unknown}
 o - a scroll of fog {unknown}
Potions
 d - a potion of might
 g - a potion of lignification {unknown}
 k - 2 potions of heal wounds {unknown}
 m - a potion of agility {unknown}
Comestibles
 f - 6 rations


   Skills:
 + Level 4.2 Fighting
 + Level 3.9 Axes
 + Level 4.3 Armour
 + Level 4.5 Shields


You had 3 spell levels left.
You didn't know any spells.

Dungeon Overview and Level Annotations

Branches:
Dungeon (2/15)

Altars:
Makhleb
Xom


Innate Abilities, Weirdness & Mutations

You reflexively headbutt those who attack you in melee.
You have a pair of horns on your head.


Message History

You hit the orc priest.
The orc priest invokes the aid of Beogh against you.
Beogh smites you!
* * * LOW HITPOINT WARNING * * *
You hit the orc priest. Your headbutt misses the orc priest.
The orc priest is almost dead.
You closely miss the orc. The orc barely misses you.
The orc priest calls down the wrath of Beogh upon you.
Pain shoots through your body!
* * * LOW HITPOINT WARNING * * *
You slash the orc priest!
You kill the orc priest!
You slash the orc!
You kill the orc!
You slash the orc priest!
The orc priest is heavily wounded.
The orc priest barely misses you.
The orc priest mumbles some strange prayers to Beogh against you.
Beogh smites you!
You die...

##.....#.....##...#...>##.....
##.............#.#...#####.....
#...................#########..
#....................>......(..
#...................#########..
#...............##.....######..
#..)............######....##...
#........(......# ####......
##...........)@## #........
##.....#...)o## #...<##.....
#########.)## #.### #....#
#....# .. ..##.. #....g....
..####. #....#o.## #.# .
#....#(## #. . #....# # #.
......


You could see an orc priest.

Vanquished Creatures
  An orc priest (D:2)
  2 adders (D:2)
  An ooze (D:1)
  A dart slug (D:1)
  A leopard gecko (D:1)
  3 orcs (D:2)
  A ball python (D:1)
  7 bats
  3 giant cockroaches
  6 goblins
  3 hobgoblins (D:1)
  3 jackals (D:2)
  2 frilled lizards (D:2)
  3 kobolds
  3 rats
40 creatures vanquished.

Notes
Turn   | Place    | Note
-------+----------+-------------------------------------------
     0 | D:1      | infcreate the Minotaur Fighter began the quest for the Orb.
     0 | D:1      | Reached XP level 1. HP: 19/19 MP: 0/0
    85 | D:1      | Reached XP level 2. HP: 22/27 MP: 1/1
   428 | D:1      | Reached XP level 3. HP: 33/33 MP: 2/2
   914 | D:2      | Found a burning altar of Makhleb.
  1028 | D:2      | Found a shimmering altar of Xom.
  1160 | D:2      | Reached XP level 4. HP: 25/40 MP: 3/3
  1164 | D:2      | Killed from afar by an orc priest

Skill      XL: |  1  2  3 |
---------------+----------+-----
Fighting       | 4 |  4.2
Armour         | 4 |  4.3
Shields        | 4 |  4.5
Axes           | 3 |  3.9

Action                   |  1- 3 |  4- 6 || total
-------------------------+-------+-------++-------
Melee: War axe           |    90 |     3 ||    93
       Headbutt          |     9 |       ||     9
  Eat: Chunk             |     1 |       ||     1
Armor: Scale mail        |    43 |       ||    43
Dodge: Dodged            |    42 |     2 ||    44
Block: Shield            |    53 |       ||    53
